 Dungeon Sprint DCSS version 0.27-a0-93-g19769c27d7 (webtiles) character file.

Game seed: 2354326425778843626

952 rocky1 the Blocker (level 8, -7/68 HPs)
             Began as a Formicid Fighter on Jan 17, 2021.
             Was a Believer of Cheibriados.
             Mangled by a cyan ugly thing (13 damage)
             ... in the Dungeon (Sprint IX: "|||||||||||||||||||||||||||||").
             The game lasted 00:03:45 (764 turns).

rocky1 the Blocker (Formicid Fighter)                Turns: 764, Time: 00:03:46

Health: -7/68      AC: 11    Str: 29    XL:     8   Next: 36%
Magic:  13/13      EV: 15    Int: 15    God:    Cheibriados [**....]
Gold:   0          SH: 13    Dex: 14    Spells: 7/7 levels left

rFire    + . .     SeeInvis +   l - +2 scimitar "Titret" {vorpal, rF+ Str+2}
rCold    . . .     Faith    .   c - +0 kite shield
rNeg     . . .     Spirit   .   n - +1 scale mail
rPois    .         Reflect  .   (helmet unavailable)
rElec    .         Harm     .   (no cloak)
rCorr    .         Rampage  .   a - +0 pair of gloves
Will     .....                  m - +0 pair of boots
Stlth    ..........             (no amulet)
HPRegen  0.21/turn              p - +2 ring of evasion
MPRegen  0.13/turn              o - +3 ring of intelligence

@: very slow
A: permanent stasis, dig shafts and tunnels, four strong arms, antennae 3
a: Dig, Renounce Religion, Bend Time


You were in the Dungeon.
You worshipped Cheibriados.
Cheibriados was pleased with you.
You visited 1 branch

Inventory:

Hand Weapons
 l - the +2 scimitar "Titret" (weapon) {vorpal, rF+ Str+2}
   (You found it in the Dungeon)

   It inflicts extra damage upon your enemies.
   It affects your strength (+2).
   It protects you from fire.
Armour
 a - a +0 pair of gloves (worn)
 c - a +0 kite shield (worn)
 m - a +0 pair of boots (worn)
 n - a +1 scale mail (worn)
Jewellery
 o - a +3 ring of intelligence (right hand)
 p - a +2 ring of evasion (left hand)
Wands
 k - a wand of iceblast (10)
Scrolls
 i - 3 scrolls of remove curse
 j - 2 scrolls of amnesia
Potions
 d - a potion of might
 e - 5 potions of curing
 g - 4 potions of magic
 h - 2 potions of heal wounds


   Skills:
 + Level 7.9 Fighting
 * Level 9.0 Long Blades
 + Level 7.5 Armour
 + Level 5.6 Dodging
 - Level 10.5 Shields
 + Level 7.2 Invocations


You had 7 spell levels left.
You didn't know any spells.
Your spell library was empty.

Dungeon Overview and Level Annotations

Branches:
Dungeon (1/1)

Altars:
Cheibriados
Dithmenos
Elyvilon
Fedhas
Gozag
Hepliaklqana
Kikubaaqudgha
Makhleb
Nemelex Xobeh
Okawaru
Qazlal
Ru
Sif Muna
Trog
Uskayaw
Vehumet
Wu Jian
Xom
Yredelemnul
Zin
The Shining One
Beogh
Jiyva
Lugonu


Innate Abilities, Weirdness & Mutations

You cannot be hasted, slowed, berserked, paralysed or teleported.
You can dig through walls and to a lower floor.
Your four strong arms can wield two-handed weapons with a shield.
You have a pair of large antennae on your head. (SInv)


Message History

The cyan ugly thing is moderately wounded.
You closely miss the cyan ugly thing.
The cyan ugly thing is moderately wounded.
You block the cyan ugly thing's attack.
You hit the cyan ugly thing but do no damage.
The cyan ugly thing is moderately wounded.
The cyan ugly thing stings you but does no damage.
You hit the cyan ugly thing.
The cyan ugly thing is moderately wounded.
The cyan ugly thing stings you. The cyan ugly thing shocks you!
You slash the cyan ugly thing!
The cyan ugly thing is heavily wounded.
The cyan ugly thing stings you! The cyan ugly thing shocks you!
* * * LOW HITPOINT WARNING * * *
You hit the cyan ugly thing but do no damage.
The cyan ugly thing is heavily wounded.
The cyan ugly thing stings you!
* * * LOW HITPOINT WARNING * * *
The cyan ugly thing shocks you!
You die... {{{{{{{{ ▓▓▓▓▓▓▓▓▓▓▓▓▓▓▓▓▓▓▓▓▓▓▓▓ ..TDhlu@.))))'.[....)?.' ▓▓▓▓▓▓▓▓▓▓▓▓▓▓▓▓▓▓▓▓▓▓▓▓

You could see a cyan ugly thing, a troll, a wyvern, an acid dragon and a hound.

Vanquished Creatures
  2 yaks (D)
  A hound (D)
  An iguana (D)
  An orc wizard (D)
  A worker ant (D)
  2 adders (D)
  3 orcs (D)
  A goblin (D)
  A kobold (D)
  A bat (D)
  2 rats (D)
16 creatures vanquished.

Vanquished Creatures (others)
  A two-headed ogre (D)
1 creature vanquished.

Grand Total: 17 creatures vanquished

Notes
Turn   | Place    | Note
-------+----------+-------------------------------------------
     0 | D        | rocky1 the Formicid Fighter began the quest for the Orb.
     0 | D        | Reached XP level 1. HP: 18/18 MP: 1/1
     8 | D        | Reached skill level 4 in Shields
    99 | D        | Noticed a worker ant
    99 | D        | Noticed a hound
   109 | D        | Killed a hound
   110 | D        | Reached skill level 6 in Shields
   110 | D        | Reached XP level 2. HP: 12/24 MP: 2/2
   110 | D        | Reached XP level 3. HP: 14/29 MP: 3/3
   113 | D        | Reached skill level 5 in Long Blades
   118 | D        | Reached skill level 7 in Shields
   118 | D        | Reached XP level 4. HP: 2/35 MP: 4/4
   512 | D        | Found a roughly hewn altar of Beogh.
   512 | D        | Found a snail-covered altar of Cheibriados.
   512 | D        | Found a shadowy altar of Dithmenos.
   512 | D        | Found a white marble altar of Elyvilon.
   512 | D        | Found a blossoming altar of Fedhas.
   512 | D        | Found an opulent altar of Gozag.
   513 | D        | Found a hazy altar of Hepliaklqana.
   514 | D        | Found a viscous altar of Jiyva.
   515 | D        | Found an ancient bone altar of Kikubaaqudgha.
   518 | D        | Became a worshipper of Cheibriados the Contemplative
   519 | D        | Found a corrupted altar of Lugonu.
   520 | D        | Found a burning altar of Makhleb.
   521 | D        | Found a sparkling altar of Nemelex Xobeh.
   522 | D        | Found an iron altar of Okawaru.
   523 | D        | Found a stormy altar of Qazlal.
   524 | D        | Found a sacrificial altar of Ru.
   525 | D        | Found a shimmering blue altar of Sif Muna.
   526 | D        | Found a bloodstained altar of Trog.
   527 | D        | Found a hide-covered altar of Uskayaw.
   528 | D        | Found a radiant altar of Vehumet.
   529 | D        | Found an ornate altar of the Wu Jian Council.
   530 | D        | Found a shimmering altar of Xom.
   531 | D        | Found a basalt altar of Yredelemnul.
   532 | D        | Found a glowing silver altar of Zin.
   533 | D        | Found a glowing golden altar of the Shining One.
   549 | D        | Got the +2 scimitar "Titret" {vorpal, rF+ Str+2}
   588 | D        | Noticed a two-headed ogre
   588 | D        | Noticed a yak
   598 | D        | Killed a yak
   599 | D        | Reached skill level 8 in Shields
   599 | D        | Reached XP level 5. HP: 35/43 MP: 4/7
   604 | D        | Killed a two-headed ogre
   605 | D        | Reached skill level 5 in Dodging
   605 | D        | Reached skill level 10 in Shields
   605 | D        | Reached XP level 6. HP: 34/55 MP: 4/11
   605 | D        | Reached XP level 7. HP: 37/60 MP: 4/12
   605 | D        | Reached XP level 8. HP: 41/67 MP: 4/13
   623 | D        | Reached * piety under Cheibriados
   752 | D        | Noticed a troll
   752 | D        | Noticed a cyan ugly thing
   752 | D        | Noticed a wyvern
   752 | D        | Noticed a yak
   754 | D        | Killed a yak
   754 | D        | Reached ** piety under Cheibriados
   764 | D        | Mangled by a cyan ugly thing

Illustrated notes

Levels and vault maps discovered:
D:        linesprint [early_d, line_temple, items_1, d_10, items_2, lair_1,
          lair_end, items_3, orc_1, orc_end, items_4, d_15, swamp_1, shoals_1,
          snake_1, spider_1, d_20, vaults_1, items_5, swamp_end, shoals_end,
          snake_end, spider_end, vaults_end, d_27, items_6, zot_1, zot_end,
          crypt_end, forest_end, elf_end, slime_end, tomb_end, abyss_end,
          pan_hell_end]

Skill      XL: |  1  2  3  4  5  6  7  8 |
---------------+-------------------------+-----
Shields        | 6 7 8 10 | 10.5
Long Blades    | 4 5 6 8 9 |  9.0
Fighting       | 4 7 |  7.9
Armour         | 4 7 |  7.5
Dodging        | 2 5 |  5.6
Invocations    | 3 6 7 |  7.2

Action                   |  1- 3 |  4- 6 |  7- 9 || total
-------------------------+-------+-------+-------++-------
Melee: Long sword        |    33 |    27 |       ||    60
       Scimitar          |       |    14 |    27 ||    41
  Use: Potion            |       |     2 |       ||     2
 Stab: Invisible         |       |     4 |     1 ||     5
Armor: Scale mail        |    10 |     9 |     3 ||    22
Dodge: Dodged            |    13 |    20 |    15 ||    48
Block: Kite shield       |    12 |    25 |     4 ||    41
       Rpst.: Long sword |     4 |     6 |       ||    10
       Scimitar          |       |     2 |     4 ||     6

Table legend: (Time is in decaauts)
 A = Elapsed time spent in this place.
 B = Non-inter-level travel time spent in this place.
 C = Inter-level travel time spent in this place.
 D = Time resting spent in this place.
 E = Time spent auto-exploring this place.
 F = Levels seen in this place.
 G = Mean time per level.
                   A        B        C        D        E       F      G
               +--------+--------+--------+--------+--------+-----+--------+
         Total |    788 |    788 |      0 |    552 |      0 |   1 |  788.0 |
       Dungeon |    788 |    788 |      0 |    552 |      0 |   1 |  788.0 |
               +--------+--------+--------+--------+--------+-----+--------+

Top non-repeatable levels by time:
       D: 788 daAuts
